 Dungeon Crawl Stone Soup version 0.28.0 (webtiles) character file.

Game seed: 4914486029849488367

86 Host24 the Bolt Thrower (level 4, -1/28 HPs)
             Began as a Kobold Hunter on Feb 20, 2022.
             Slain by a kobold (3 damage)
             ... on level 2 of the Dungeon.
             The game lasted 00:03:03 (2091 turns).

Host24 the Bolt Thrower (Kobold Hunter)             Turns: 2091, Time: 00:03:03

Health: -1/28      AC:  3    Str: 11    XL:     4   Next: 77%
Magic:  4/4        EV: 14    Int: 12    God:
Gold:   105        SH:  0    Dex: 15    Spells: 3/3 levels left

rFire   . . .      SeeInvis .   a - +1 hand crossbow
rCold   . . .      Faith    .   (no shield)
rNeg    . . .      Spirit   .   c - +0 leather armour
rPois   .          Reflect  .   (no helmet)
rElec   .          Harm     .   (no cloak)
rCorr   .          Rampage  .   (no gloves)
Will    .....                   (no boots)
Stlth   +++.......              (no amulet)
HPRegen 0.09/turn               (no ring)
MPRegen 0.09/turn               (no ring)

@: lethally poisoned (-1 -> -8)
A: small, no large weapons, nightstalker 3
a: no special abilities


You were on level 2 of the Dungeon.
You visited 1 branch of the dungeon, and saw 2 of its levels.

You collected 105 gold pieces.

Inventory:

Hand Weapons
 a - a +1 hand crossbow (weapon)
 f - a +2 dagger of venom
 i - a +4 whip
 m - a +1 hunting sling of freezing
Missiles
 d - 19 bolts (quivered ammo)
 g - 27 sling bullets
 l - 5 boomerangs
Armour
 c - a +0 leather armour (worn)
Scrolls
 k - 2 scrolls of identify {unknown}
Potions
 b - a potion of haste {unknown}
 e - a potion of cancellation {unknown}
 h - a potion of mutation {unknown}
 j - a potion of experience {unknown}


   Skills:
 - Level 3.0 Fighting
 + Level 6.3 Crossbows
 - Level 3.0 Dodging
 - Level 1.3 Stealth


You had 3 spell levels left.
You didn't know any spells.
Your spell library contained the following spells:

 Spells                   Type           Power      Damage    Failure   Level
 Corpse Rot               Necr/Air       0%         N/A       54%         2
 Conjure Flame            Conj/Fire      0%         6-21      78%         3
 Ignite Poison            Fire/Tmut/Pois 0%         N/A       78%         3
 Stone Arrow              Conj/Erth      0%         3d7       78%         3
 Animate Armour           Summ/Erth      0%         N/A       99%         4
 Dispel Undead            Necr           0%         3d6       99%         4
 Sticky Flame             Conj/Fire      0%         2d3       99%         4
 Death Channel            Necr           0%         N/A       100%        6
 Lehudib's Crystal Spear  Conj/Erth      0%         10d2      100%        8


Dungeon Overview and Level Annotations

Branches:
Dungeon (2/15)

Altars:


Innate Abilities, Weirdness & Mutations

You are small and have problems with some larger weapons.
You are completely attuned to the shadows.


Message History

A giant cockroach comes into view.
Okay, then.
A goblin comes into view. It is wielding a +0 club.
A kobold comes into view. It is wielding a +1 dagger of venom.
The goblin shouts!
The kobold shouts!
The goblin barely misses you.
The giant cockroach bites you but does no damage.
The kobold misses you. The giant cockroach closely misses you.
A frilled lizard comes into view.
The giant cockroach bites you but does no damage.
The giant cockroach barely misses you.
The frilled lizard unfolds its giant frill.
The giant cockroach waves its antennae.
The giant cockroach closely misses you.
Your +2 dagger of venom begins to drip with poison!
f - a +2 dagger of venom (weapon)
You closely miss the giant cockroach. The giant cockroach closely misses you.
The giant cockroach barely misses you.
You hit the giant cockroach.
You kill the giant cockroach!
You hit the goblin.
You kill the goblin!
You barely miss the frilled lizard. The frilled lizard misses you.
You hit the frilled lizard.
You kill the frilled lizard!
You barely miss the kobold.
The kobold hits you with a +1 dagger of venom.
* * * LOW HITPOINT WARNING * * *
You are lethally poisoned!
You hit the kobold but do no damage.
* * * LOW HITPOINT WARNING * * *
You feel very sick. The kobold closely misses you.
Your +2 dagger of venom stops dripping with poison.
a - a +1 hand crossbow (weapon)
* * * LOW HITPOINT WARNING * * *
You feel sick.
The kobold hits you with a +1 dagger of venom.
You die...

.#K# #.....# ...........####)#.
#.# #†###### ......#...........
.#K###...#...## .....##.........
..............## ###..###....)...
.###...........# #..###..#.##.#
.###.........>.# ###..†##.#.....
...<...........# #......#..###..
...............####......##.###..
........†#...#.K@.........#.##...
........###########.............#
........# #......##.....#
..).....# #......########
........ ######## ........
........ ########


You could see a kobold.

Vanquished Creatures
  3 adders (D:2)
  A worm (D:2)
  A dart slug (D:1)
  An orc (D:2)
  5 bats
  3 endoplasms
  4 giant cockroaches
  5 goblins
  6 hobgoblins
  2 jackals (D:1)
  2 quokkas
  3 ball pythons (D:1)
  4 frilled lizards
  3 kobolds
  6 rats
49 creatures vanquished.

Notes
Turn   | Place    | Note
-------+----------+-------------------------------------------
     0 | D:1      | Host24 the Kobold Hunter began the quest for the Orb.
     0 | D:1      | Reached XP level 1. HP: 12/12 MP: 1/1
    39 | D:1      | Reached skill level 5 in Crossbows
   345 | D:1      | Reached XP level 2. HP: 18/18 MP: 2/2
  1044 | D:1      | Reached XP level 3. HP: 23/23 MP: 3/3
  1474 | D:1      | You fall into a shaft and drop 1 floor!
  1676 | D:2      | Reached XP level 4. HP: 20/28 MP: 4/4
  1834 | D:2      | Reached skill level 6 in Crossbows
  2091 | D:2      | Slain by a kobold

Illustrated notes

Levels and vault maps discovered:
D:1:      ncdulo_wetmaze, layout_basic, roderic_nine_men_s_morris
D:2:      layout_rooms, shapermc_ecumenical_altar_totnotflames, serial_shops,
          nicolae_lakefront_shop, minmay_pentomino_w4

Skill      XL: |  1  2  3  4 |
---------------+-------------+-----
Crossbows      | 5 6 |  6.3
Fighting       | 3 |  3.0
Dodging        | 3 |  3.0
Stealth        | |  1.3

Action                   |  1- 3 |  4- 6 || total
-------------------------+-------+-------++-------
Melee: Short sword       |    28 |       ||    28
       Punch             |     3 |       ||     3
       Dagger            |    62 |    31 ||    93
 Fire: Hand crossbow     |     4 |     1 ||     5
 Stab: Sleeping          |    17 |     1 ||    18
Armor: Leather armour    |    13 |     8 ||    21
Dodge: Dodged            |    49 |    16 ||    65
